 Dungeon Crawl Stone Soup version 0.31-a0-981-geadf994542 (webtiles) character file.

Game seed: 8967679100186110900

20763 p00ps00p the Cleaver (level 12, -1/115 HPs)
             Began as a Hill Orc Fighter on Nov 1, 2023.
             Was an Initiate of Gozag.
             Slain by an orc knight
             ... wielding a +0 glaive
              (22 damage)
             ... on level 2 of the Orcish Mines.
             The game lasted 00:19:40 (16328 turns).

p00ps00p the Cleaver (Hill Orc Fighter)            Turns: 16328, Time: 00:19:41

Health: -1/115     AC: 22    Str: 24    XL:     12   Next: 82%
Magic:  12/12      EV:  8    Int:  8    God:    Gozag
Gold:   824        SH:  0    Dex: 10    Spells: 11/11 levels left

rFire   + . .        a - +1 war axe (flame)
rCold   . . .        c - +1 buckler
rNeg    . . .        l - +2 chain mail {rF+}
rPois   .            q - +0 helmet
rElec   .            b - +0 cloak
rCorr   .            x - +0 pair of gloves
SInv    +            (no boots)
Will    .....        J - amulet "Rirorapp" {Reflect Rampage SH+5 SInv} Stlth
                     j - +4 ring of protection
HPRegen 0.39/turn    p - +4 ring of slaying
MPRegen 0.13/turn

%: reflection, rampage
@: confused, ambrosia-drunk, hasted, very quick
A: no striking features
a: Renounce Religion, Potion Petition, Call Merchant, Bribe Branch


You were on level 2 of the Orcish Mines.
You worshipped Gozag.
Gozag was pleased with you.
You visited 3 branches of the dungeon, and saw 14 of its levels.

You collected 2794 gold pieces.
You spent 700 gold pieces at shops.
You paid 1270 gold pieces to Gozag.

Inventory:

Hand Weapons
 a - a +1 war axe of flaming (weapon)
Missiles
 E - 47 poisoned darts
 I - a throwing net
Armour
 b - a +0 cloak (worn)
 c - a +1 buckler (worn)
 l - a +2 chain mail of fire resistance (worn)
 q - a +0 helmet (worn)
 x - a +0 pair of gloves (worn)
Jewellery
 j - a +4 ring of protection (left hand)
 p - a +4 ring of slaying (right hand)
 J - the amulet "Rirorapp" (around neck) {Reflect Rampage SH+5 SInv}
   (You bought it in a shop on level 10 of the Dungeon)

   [amulet of reflection]

   Reflect:   It reflects blocked missile attacks.
   SInv:      It lets you see invisible.
   SH+5:      It affects your SH (+5).
   Rampage:   It bestows one free step when moving towards enemies.
Wands
 r - a wand of mindburst (24)
 t - a wand of flame (43)
 B - a wand of charming (13)
Scrolls
 m - 3 scrolls of teleportation
 y - a scroll of enchant armour
 A - a scroll of silence
 D - a scroll of vulnerability
 F - a scroll of amnesia
Potions
 d - a potion of might
 e - 2 potions of enlightenment
 f - a potion of haste
 h - a potion of brilliance
 n - a potion of berserk rage
 u - 2 potions of cancellation
 w - a potion of lignification
 z - a potion of attraction
 C - a potion of curing {unknown}


   Skills:
 + Level 13.0 Fighting
 + Level 13.8 Axes
 + Level 12.0 Armour
 + Level 12.0 Shields


You had 11 spell levels left.
You didn't know any spells.
Your spell library contained the following spells:

 Spells                   Type           Power      Damage    Failure   Level
 Static Discharge         Conj/Air       0%         3-3/arc   96%         2
 Airstrike                Air            0%         2d(0-16)  100%        4
 Summon Lightning Spire   Summ/Air       0%         N/A       100%        4
 Vhi's Electric Charge    Tloc/Air       0%         N/A       100%        4
 Arcjolt                  Conj/Air       0%         1d10      100%        5
 Ozocubu's Refrigeration  Ice            0%         4d7       100%        7
 Maxwell's Capacitive Co  Air            0%         ∞         100%        8
 Polar Vortex             Ice            0%         N/A       100%        9
 Simulacrum               Ice/Necr       Unusable   N/A       N/A         6

Dungeon Overview and Level Annotations

Branches:
Dungeon (11/15)            Temple (1/1) D:6            Lair (0/5) D:10
    Orc (2/2) D:10            Elf (0/3) Orc:2

Altars:
Ashenzari
Cheibriados
Dithmenos
Elyvilon
Fedhas
Gozag
Hepliaklqana
Kikubaaqudgha
Makhleb
Nemelex Xobeh
Okawaru
Qazlal
Ru
Sif Muna
Trog
Uskayaw
Vehumet
Wu Jian
Xom
Yredelemnul
Zin
The Shining One

Shops:
D:4 :   D:8 !   D:9 (   D:10 =   D:11 [   Orc:2 :*


Message History

You block the troll's attack. The troll claws you!
* * * LOW HITPOINT WARNING * * *
You block the troll's attack. You block the orc knight's attack.
You hit the troll. You burn the troll.
The troll is moderately wounded.
You hit the orc warrior. You burn the orc warrior.
You hit the orc knight but do no damage.
The orc warrior completely misses you. The orc knight closely misses you.
The troll bites you!
* * * LOW HITPOINT WARNING * * *
The troll barely misses you. The troll closely misses you.
You feel much better.
The orc warrior hits you with a +0 glaive.
The troll bites you. You block the troll's attack.
The troll claws you but does no damage.
The orc knight hits you with a +0 glaive!
* * * LOW HITPOINT WARNING * * *
You feel yourself speed up.
The orc warrior hits you with a +0 glaive!
* * * LOW HITPOINT WARNING * * *
You block the troll's attack. The troll claws you but does no damage.
The troll claws you.
* * * LOW HITPOINT WARNING * * *
The orc knight barely misses you.
You are confused.
You feel invigorated. The orc warrior closely misses you.
Unknown command.
The orc warrior no longer looks unusually strong.
The troll bites you but does no damage. The troll barely misses you.
The troll closely misses you.
The orc knight roars a battlecry!
The orc warrior goes into a battle-frenzy!
The orc warrior hits you but does no damage.
The troll bites you.
* * * LOW HITPOINT WARNING * * *
The troll claws you but does no damage. x2
The orc knight attacks as it pursues you!
The orc knight hits you from afar with a +0 glaive!!
You die...
Your body crumbles into a pile of gold.

#P...................[......##
#............................#
##...........................#
......#.....................##
........#..............#
.......................#
..........o........##.##
..........T........#...#
#.....@.o......$...##
#..............$....#
.....##........$$$..## .#..
#......<$..$...# ##
#.......$#$...##
...#............#
#...###..........# ..#.#
#.......#.## .... ........####


You could see an orc knight, a troll and an orc warrior (strong).

Vanquished Creatures
  A stone giant (Orc:2)
  2 two-headed ogres
  Amaemon (D:8)
  2 orc knights (Orc:1)
  2 orc sorcerers (Orc:2)
  6 cyclopes
  A manticore (D:11)
  A gargoyle (D:11)
  An orange demon (D:7)
  A kobold demonologist (D:11)
  A komodo dragon (D:11)
  4 trolls
  2 vampires (D:10)
  A shadow (D:9)
  4 wyverns
  Grum (D:8)
  7 yaks
  2 wargs (Orc:2)
  Edmund (D:4)
  Duvessa (D:7)
  A water moccasin (D:6)
  15 orc warriors
  3 ice beasts
  A sky beast (D:7)
  A black bear (D:7)
  3 wolves (D:8)
  9 centaurs
  5 ogres
  A phantom (D:7)
  7 kobold brigands
  2 bullfrogs
  A scorpion (D:5)
  A gnoll sergeant (D:11)
  13 wights
  Dowan (D:7)
  23 killer bees
  5 howler monkeys
  An electric eel (D:7)
  3 hounds (D:6)
  11 orc priests
  2 jellies (D:6)
  A gnoll bouda (D:6)
  Terence (D:2)
  18 orc wizards
  A centaur simulacrum (D:10)
  11 gnolls
  5 adders
  A white imp (D:7)
  2 worms (D:3)
  7 dart slugs
  64 orcs
  6 ball pythons
  3 bats
  8 endoplasms
  A giant cockroach (D:3)
  4 goblins
  6 hobgoblins
  2 jackals (D:5)
  2 quokkas (D:1)
  6 frilled lizards
  27 kobolds
  8 rats
335 creatures vanquished.

Vanquished Creatures (collateral kills)
  2 ettins (Orc:2)
  2 cyclopes (Orc:2)
  An adder (D:4)
5 creatures vanquished.

Grand Total: 340 creatures vanquished

Notes
Turn   | Place    | Note
-------+----------+-------------------------------------------
     0 | D:1      | p00ps00p the Hill Orc Fighter began the quest for the Orb.
     0 | D:1      | Reached XP level 1. HP: 19/19 MP: 1/1
   165 | D:1      | Reached XP level 2. HP: 27/27 MP: 2/2
   273 | D:1      | Reached XP level 3. HP: 33/33 MP: 3/3
   860 | D:2      | Noticed Terence
   884 | D:2      | Killed Terence
   885 | D:2      | Reached XP level 4. HP: 21/40 MP: 4/4
  2383 | D:3      | Identified the ring "Eppu" {Fly Int+3}
  2433 | D:3      | Reached XP level 5. HP: 46/47 MP: 5/5
  2495 | D:3      | Found a sacrificial altar of Ru.
  2542 | D:3      | Found a glowing silver altar of Zin.
  3638 | D:4      | Noticed Edmund
  3642 | D:4      | Noticed an ogre
  3653 | D:4      | Killed an ogre
  3654 | D:4      | Reached skill level 5 in Fighting
  3654 | D:4      | Reached XP level 6. HP: 19/56 MP: 6/6
  3654 | D:4      | Killed Edmund
  3655 | D:4      | Reached skill level 5 in Axes
  3861 | D:4      | Found Quagieli's Book Shop.
  3944 | D:4      | Found an ancient bone altar of Kikubaaqudgha.
  4095 | D:4      | Found an ornate altar of the Wu Jian Council.
  4250 | D:5      | Entered Level 5 of the Dungeon
  4329 | D:5      | Reached skill level 5 in Armour
  4329 | D:5      | Reached skill level 5 in Shields
  4329 | D:5      | Reached XP level 7. HP: 26/61 MP: 7/7
  5665 | D:6      | Reached XP level 8. HP: 71/71 MP: 8/8
  7350 | D:6      | Found a staircase to the Ecumenical Temple.
  7451 | Temple   | Entered the Ecumenical Temple
  7459 | Temple   | Became a worshipper of Gozag Ym Sagoz the Greedy
  7535 | D:7      | Reached XP level 9. HP: 79/79 MP: 9/9
  7690 | D:7      | Noticed Duvessa
  7690 | D:7      | Noticed Dowan
  7698 | D:7      | Killed Duvessa
  7699 | D:7      | Killed Dowan
  7967 | D:7      | Found a glowing golden altar of the Shining One.
  8543 | D:8      | Found a shimmering altar of Xom.
  8581 | D:8      | Found a radiant altar of Vehumet.
  9191 | D:8      | Noticed Amaemon
  9191 | D:8      | Noticed an orange demon
  9199 | D:7      | Killed an orange demon
  9200 | D:7      | Reached XP level 10. HP: 43/91 MP: 10/10
  9573 | D:8      | Killed Amaemon
 10042 | D:8      | Noticed Grum
 10048 | D:8      | Reached skill level 10 in Axes
 10060 | D:8      | Killed Grum
 10308 | D:8      | Found Hoir's Distillery.
 10689 | D:9      | Reached skill level 10 in Fighting
 10709 | D:9      | Found a stormy altar of Qazlal.
 10832 | D:9      | Noticed a two-headed ogre
 10842 | D:9      | Killed a two-headed ogre
 10858 | D:9      | Reached XP level 11. HP: 56/101 MP: 9/11
 11435 | D:10     | Entered Level 10 of the Dungeon
 11818 | D:10     | Found a shadowy altar of Dithmenos.
 11923 | D:10     | Found a broken altar of Ashenzari.
 11924 | D:10     | Found a hide-covered altar of Uskayaw.
 11972 | D:10     | Found a staircase to the Lair.
 11986 | D:10     | Reached skill level 10 in Shields
 11997 | D:10     | Reached skill level 10 in Armour
 12301 | D:10     | Found a sparkling altar of Nemelex Xobeh.
 12340 | D:10     | Found an iron altar of Okawaru.
 12340 | D:10     | Found a basalt altar of Yredelemnul.
 12367 | D:10     | Found a burning altar of Makhleb.
 12473 | D:10     | Noticed a two-headed ogre
 12483 | D:10     | Killed a two-headed ogre
 12594 | D:10     | Found a staircase to the Orcish Mines.
 12958 | D:11     | Noticed a cyclops
 12968 | D:11     | Killed a cyclops
 13198 | D:11     | Noticed a manticore
 13210 | D:11     | Killed a manticore
 13388 | D:11     | Found Adiumeh's Armour Boutique.
 13719 | D:10     | Bought the amulet "Rirorapp" {Reflect Rampage SH+5 SInv}
                  | for 700 gold pieces
 13777 | Orc:1    | Entered Level 1 of the Orcish Mines
 13927 | Orc:1    | Noticed a cyclops
 13932 | Orc:1    | Killed a cyclops
 13933 | Orc:1    | Reached XP level 12. HP: 112/112 MP: 12/12
 14233 | Orc:2    | Entered Level 2 of the Orcish Mines
 14750 | Orc:2    | Found a staircase to the Elven Halls.
 14750 | Orc:2    | Paralysed by an orc sorcerer for 2 turns
 15183 | Orc:2    | Found Cuthufat's General Store.
 15183 | Orc:2    | Noticed an ettin
 15201 | Orc:2    | Killed an ettin
 15359 | Orc:2    | Noticed an ettin
 15374 | Orc:2    | Killed an ettin
 16062 | Orc:2    | Found Fix Zamn's Book Shop.
 16071 | Orc:2    | Noticed a stone giant
 16088 | Orc:2    | Killed a stone giant
 16328 | Orc:2    | Slain by an orc knight

Illustrated notes

Levels and vault maps discovered:
D:1:      shiori_shiawase, layout_rooms
D:2:      minmay_alternating_diamond, layout_basic, uniq_terence
D:3:      layout_basic, zin_statuary, lemuel_doored_altar
D:4:      layout_loops_ring, nicolae_kikubaaqudgha_miasma_corner,
          mainiacjoe_overflow_six_doors_small, chequers_serial_rivers_micro_d,
          nicolae_take_the_stairs, minivault_25, uniq_edmund
D:5:      layout_basic
D:6:      layout_layer_cave, temple_hall
D:7:      layout_loops_ring, nicolae_tso_carved_into_rock, nrook_pool_corridor,
          minmay_stone_trees_small, kennysheep_generic_room_14, uniq_duvessa
D:8:      layout_basic, mainiacjoe_overflow_tiny_flanked,
          mainiacjoe_overflow_brackets, serial_shops, nicolae_shop_hallway_plus,
          uniq_grum, uniq_amaemon
D:9:      layout_roguey, mainiacjoe_overflow_cross_hatched
D:10:     layout_roguey, minitemple, mainiacjoe_overflow_small_starburst,
          nicolae_dithmenos_through_a_glass_darkly,
          amethyst_overflow_temple_binary, lair_entry_dummy, hiddenorc1_lemuel,
          kennysheep_just_a_vault
D:11:     layout_loops_ring, serial_shops,
          nicolae_shop_competitors_out_of_business
Temple:   nicolae_temple_little_seven
Orc:1:    layout_caves
Orc:2:    grunt_orc_gardens, layout_caves, grunt_orc_garden, grunt_orc_garden,
          grunt_orc_garden, grunt_orc_garden, serial_shops,
          nicolae_shop_back_alley_shop

Skill      XL: |  1  2  3  4  5  6  7  8  9 10 11 12 |
---------------+-------------------------------------+-----
Axes           | 3 4 5 6 7 9 11 12 13 | 13.8
Fighting       | 4 5 6 7 9 10 11 13 | 13.0
Shields        | 4 5 6 8 9 11 12 | 12.0
Armour         | 4 5 6 8 9 11 12 | 12.0

Action                     |  1- 3 |  4- 6 |  7- 9 | 10-12 || total
---------------------------+-------+-------+-------+-------++-------
  Melee: War axe           |    89 |    83 |   203 |   504 ||   879
 Invoke: Call Merchant     |       |       |       |     2 ||     2
  Evoke: Wand              |       |     5 |     4 |     7 ||    16
    Use: Scroll            |     3 |     8 |     2 |    12 ||    25
         Potion            |       |       |       |     4 ||     4
   Stab: Distracted        |       |       |       |     2 ||     2
 Armour: Scale mail        |    53 |       |       |       ||    53
         Chain mail        |       |    45 |   195 |   391 ||   631
  Dodge: Dodged            |    52 |    25 |    91 |   165 ||   333
  Block: Buckler           |    19 |    20 |    84 |   208 ||   331
         Reflection        |       |       |       |     6 ||     6

Table legend: (Time is in decaauts)
 A = Elapsed time spent in this place.
 B = Non-inter-level travel time spent in this place.
 C = Inter-level travel time spent in this place.
 D = Time resting spent in this place.
 E = Time spent auto-exploring this place.
 F = Levels seen in this place.
 G = Mean time per level.
                   A        B        C        D        E       F      G
               +--------+--------+--------+--------+--------+-----+--------+
         Total |  16386 |  15620 |    766 |   4616 |   8753 |  14 | 1170.4 |
       Dungeon |  13844 |  13096 |    748 |   2944 |   8372 |  11 | 1258.5 |
        Temple |     16 |      8 |      8 |      0 |      0 |   1 |   16.0 |
  Orcish Mines |   2525 |   2516 |      9 |   1672 |    381 |   2 | 1262.5 |
               +--------+--------+--------+--------+--------+-----+--------+

Top non-repeatable levels by time:
     D:6: 1991 daAuts
   Orc:1: 1911 daAuts
     D:7: 1448 daAuts
     D:5: 1437 daAuts
     D:8: 1429 daAuts
    D:10: 1361 daAuts
     D:2: 1346 daAuts
     D:3: 1228 daAuts
    D:11: 969 daAuts
     D:4: 955 daAuts
     D:9: 897 daAuts
     D:1: 778 daAuts
   Orc:2: 614 daAuts
  Temple: 16 daAuts
